[Event "94th FRA-ch Women 2019"]
[Site "Chartres"]
[Date "2019.08.25"]
[Round "9.2"]
[White "Milliet, Sophie"]
[Black "Monpeurt, Cyrielle"]
[Result "1-0"]
[ECO "B45"]
[WhiteElo "2397"]
[BlackElo "2171"]
[Annotator "ChessBase"]
[PlyCount "79"]
[EventDate "2019.08.17"]
[EventType "tourn"]
[EventCountry "FRA"]
[SourceTitle "playchess.com"]
[Source "ChessBase"]
[SourceQuality "1"]
[TimeControl "40/5400+30:1800+30"]

1. e4 e6 2. d4 c5 3. Nf3 cxd4 4. Nxd4 Nc6 5. Nc3 Nf6 6. g3 Bb4 7. Bg2 O-O 8. O-O d6 9. Nxc6 bxc6 10. e5 dxe5 11. Bxc6 Ba6 12. Qxd8 Raxd8 13. Bb5 Bxb5 14. Nxb5 a6 15. a3 Ba5 16. Na7 Bc7 17. Nc6 Rd7 18. c4 Rc8 19. b4 Bd6 20. b5 axb5 21. cxb5 Nd5 22. a4 Rb7 23. Ba3 Bc7 24. Ne7+ Nxe7 25. Bxe7 Bb6 26. Rfc1 Ra8 27. Bc5 Ba5 28. Bd6 f6 29. Rc6 Rd8 30. Rac1 Rdd7 31. Ra6 Bb6 32. Rc6 Bd4 33. b6 Kf7 34. Bc7 Rd5 35. Ra8 e4 36. a5 Rf5 37. Bf4 e5 38. Be3 Bxe3 39. fxe3 Rd7 40. Rc7 1-0

[Event "94th FRA-ch Women 2019"]
[Site "Chartres"]
[Date "2019.08.25"]
[Round "9.3"]
[White "Guichard, Pauline"]
[Black "Maisuradze, Nino"]
[Result "1-0"]
[ECO "A36"]
[WhiteElo "2405"]
[BlackElo "2203"]
[Annotator "ChessBase"]
[PlyCount "123"]
[EventDate "2019.08.17"]
[EventType "tourn"]
[EventCountry "FRA"]
[SourceTitle "playchess.com"]
[Source "ChessBase"]
[SourceQuality "1"]
[TimeControl "40/5400+30:1800+30"]

1. c4 c5 2. g3 Nc6 3. Bg2 g6 4. Nc3 Bg7 5. a3 e6 6. d3 d6 7. e4 Nge7 8. Nge2 O-O 9. Rb1 Rb8 10. b4 b6 11. O-O Bb7 12. Bf4 Nd4 13. bxc5 bxc5 14. Nxd4 cxd4 15. Ne2 e5 16. Bg5 f6 17. Bd2 f5 18. f3 Bc6 19. Qc2 Qc7 20. a4 a5 21. Qa2 Kh8 22. Bh3 Bd7 23. Bg2 Nc6 24. Qa3 Rxb1 25. Rxb1 fxe4 26. dxe4 Rb8 27. Rxb8+ Nxb8 28. Nc1 Bf8 29. Bf1 Na6 30. Nd3 Be6 31. Nxe5 Kg8 32. Ng4 d5 33. c5 dxe4 34. Nf6+ Kf7 35. Nxe4 Nxc5 36. Ng5+ Kg8 37. Nxe6 Nxe6 38. Qb3 Kf7 39. Bc4 Qd6 40. Bxa5 Kf6 41. Bxe6 Qxe6 42. Qb6 Bd6 43. Qxd4+ Kf7 44. Bc3 h5 45. Qa7+ Ke8 46. Qa8+ Kd7 47. Qb7+ Bc7 48. Bd4 h4 49. Qe4 Qb3 50. Qg4+ Kc6 51. Qxg6+ Kb7 52. Qe4+ Kc8 53. Qf5+ Kd8 54. Bf6+ Ke8 55. Qb5+ Qxb5 56. axb5 hxg3 57. h4 Kf7 58. Bd4 Bb8 59. h5 Kg8 60. Kg2 Kh7 61. Bf6 Bc7 62. Bh4 1-0

[Event "94th FRA-ch Women 2019"]
[Site "Chartres"]
[Date "2019.08.25"]
[Round "9.4"]
[White "Richard, Emma"]
[Black "Navrotescu, Andreea-Cristiana"]
[Result "0-1"]
[ECO "B47"]
[WhiteElo "2104"]
[BlackElo "2210"]
[Annotator "ChessBase"]
[PlyCount "98"]
[EventDate "2019.08.17"]
[EventType "tourn"]
[EventCountry "FRA"]
[SourceTitle "playchess.com"]
[Source "ChessBase"]
[SourceQuality "1"]
[TimeControl "40/5400+30:1800+30"]

1. e4 c5 2. Nf3 e6 3. Nc3 Nc6 4. d4 cxd4 5. Nxd4 Qc7 6. Qd3 Nxd4 7. Qxd4 a6 8. Be2 Ne7 9. Qd3 Ng6 10. O-O Bd6 11. g3 b5 12. f4 Bc5+ 13. Be3 O-O 14. Bf3 Bb7 15. Bxc5 Qxc5+ 16. Rf2 d6 17. Ne2 Rfd8 18. c3 e5 19. h4 exf4 20. gxf4 Nxh4 21. Bh1 Ng6 22. Nd4 Nxf4 23. Qf3 g5 24. Qg4 Bc8 25. Nf5 f6 26. Rd1 Ra7 27. Rd4 Bxf5 28. exf5 Kh8 29. Kf1 Re7 30. Rfd2 Rde8 31. Rd1 Re2 32. Qf3 Qxf5 33. Rd5 Nxd5 34. Qxf5 Ne3+ 35. Kxe2 Nxf5+ 36. Kf2 h5 37. b4 g4 38. Bb7 Kg7 39. Bxa6 Ra8 40. Bxb5 Rxa2+ 41. Kg1 h4 42. Bd7 Kg6 43. b5 Rb2 44. Rf1 Ng3 45. Rf2 Rb1+ 46. Kg2 Kg5 47. Rd2 f5 48. Rd5 Rb2+ 49. Kg1 h3 0-1

[Event "94th FRA-ch Women 2019"]
[Site "Chartres"]
[Date "2019.08.25"]
[Round "9.5"]
[White "Broly, Mathilde"]
[Black "Safranska, Anda"]
[Result "0-1"]
[ECO "E63"]
[WhiteElo "2177"]
[BlackElo "2128"]
[Annotator "NA"]
[PlyCount "128"]
[EventDate "2019.08.17"]
[EventType "tourn"]
[EventCountry "FRA"]
[SourceTitle "playchess.com"]
[Source "ChessBase"]
[SourceQuality "1"]
[TimeControl "40/5400+30:1800+30"]

1. c4 g6 2. g3 Bg7 3. Bg2 Nf6 4. Nc3 d6 5. Nf3 O-O 6. O-O Nc6 7. d4 Rb8 8. a3 a6 9. Qd3 Bf5 10. e4 Bg4 11. Be3 Re8 12. Ne1 e5 13. d5 Nd4 14. f3 Bd7 15. b4 c5 16. bxc5 dxc5 17. a4 b6 18. Ne2 Qc7 19. Rf2 Rec8 20. Nc3 Ne8 21. f4 Nd6 22. fxe5 Bxe5 23. Bf4 Re8 24. Bxe5 Rxe5 25. Nf3 Nxf3+ 26. Bxf3 Qd8 27. Bg2 Qe7 28. Re1 Re8 29. Rb1 f5 30. Rxb6 fxe4 31. Qe2 e3 32. Rf1 Nf5 33. d6 Qd8 34. Nd5 Nd4 35. Qb2 e2 36. Re1 Qg5 37. Rb7 Bg4 38. d7 Rf8 39. Qc3 Qd8 40. Rc7 Bxd7 41. Rxc5 Rf1+ 42. Rxf1 exf1=Q+ 43. Bxf1 Re4 44. Nf4 Qf6 45. Nd5 Qf8 46. Qb4 Re1 47. Nf4 Bh3 48. Qxe1 Nf3+ 49. Kf2 Nxe1 50. Ra5 Bxf1 51. Kxf1 Nd3 52. Ke2 Nxf4+ 53. gxf4 Qxf4 54. Kd3 Qd6+ 55. Rd5 Qa3+ 56. Kd4 Qxa4 57. Rd6 Kf7 58. Kd5 Ke7 59. c5 Qb3+ 60. Kc6 Qb5+ 61. Kd5 a5 62. Re6+ Kd7 63. Rb6 Qd3+ 64. Ke5 a4 0-1

[Event "94th FRA-ch Women 2019"]
[Site "Chartres"]
[Date "2019.08.25"]
[Round "10.1"]
[White "Milliet, Sophie"]
[Black "Guichard, Pauline"]
[Result "0-1"]
[ECO "C67"]
[WhiteElo "2397"]
[BlackElo "2405"]
[Annotator "NA"]
[PlyCount "130"]
[EventDate "2019.08.17"]
[EventType "tourn"]
[EventCountry "FRA"]
[SourceTitle "playchess.com"]
[Source "ChessBase"]
[SourceQuality "1"]
[TimeControl "600+5"]

1. e4 e5 2. Nf3 Nc6 3. Bb5 Nf6 4. O-O Nxe4 5. Re1 Nd6 6. Nxe5 Be7 7. Bf1 O-O 8. d4 Nxe5 9. Rxe5 Bf6 10. Re1 Re8 11. Bf4 Rxe1 12. Qxe1 Ne8 13. Nc3 d6 14. Nd5 Be6 15. Nxf6+ Qxf6 16. Qd2 Qg6 17. d5 Bf5 18. c4 Nf6 19. f3 h6 20. Re1 Re8 21. Rxe8+ Nxe8 22. Qb4 Bd3 23. Qxb7 Bxf1 24. Kxf1 Qd3+ 25. Kf2 Qxc4 26. Be3 Qc2+ 27. Kf1 Qd1+ 28. Kf2 Qc2+ 29. Kf1 Nf6 30. Qxa7 Qb1+ 31. Ke2 Qxb2+ 32. Bd2 Qe5+ 33. Kd1 Nxd5 34. a4 c5 35. a5 c4 36. a6 c3 37. Qb8+ Kh7 38. a7 Qd4 39. Qb1+ g6 40. Qa2 Qg1+ 41. Be1 c2+ 42. Kxc2 Qxg2+ 43. Kb3 Qxf3+ 44. Kc4 Nb6+ 45. Kb5 Na8 46. Bg3 Qb7+ 47. Kc4 d5+ 48. Kd4 Nb6 49. Be5 Qc6 50. Bb8 h5 51. Qf2 Kg8 52. Qf4 Qc4+ 53. Ke5 Nd7+ 54. Kd6 Qxf4+ 55. Kxd7 Qa4+ 56. Kc7 d4 57. Kb7 d3 58. Bf4 Qxf4 59. a8=Q+ Kh7 60. Qa2 d2 61. Qd5 Kg7 62. Qb3 Qd4 63. Qd1 Qb4+ 64. Kc6 Qc3+ 65. Kd5 Qc1 0-1

[Event "94th FRA-ch Women 2019"]
[Site "Chartres"]
[Date "2019.08.25"]
[Round "11.1"]
[White "Guichard, Pauline"]
[Black "Milliet, Sophie"]
[Result "1/2-1/2"]
[ECO "A37"]
[WhiteElo "2405"]
[BlackElo "2397"]
[Annotator "NA"]
[PlyCount "75"]
[EventDate "2019.08.17"]
[EventType "tourn"]
[EventCountry "FRA"]
[SourceTitle "playchess.com"]
[Source "ChessBase"]
[SourceQuality "1"]
[TimeControl "600+5"]

1. c4 g6 2. g3 Bg7 3. Bg2 c5 4. Nc3 Nc6 5. a3 a5 6. Nf3 d6 7. d3 e5 8. Bd2 Nge7 9. O-O O-O 10. Ne1 Be6 11. Nc2 d5 12. cxd5 Nxd5 13. Ne3 Nde7 14. Rc1 Nd4 15. Nc4 b5 16. Bxa8 Qxa8 17. Ne3 Bh3 18. f3 Bxf1 19. Nxf1 f5 20. a4 b4 21. Nb5 e4 22. Nxd4 cxd4 23. Bg5 Nd5 24. dxe4 fxe4 25. fxe4 Nf6 26. Bxf6 Bxf6 27. Qd3 Qa7 28. Nd2 Bg5 29. Rf1 Be3+ 30. Kg2 Bxd2 31. Rxf8+ Kxf8 32. Qxd2 Qd7 33. Qf4+ Kg8 34. Qb8+ Kg7 35. Qe5+ Kg8 36. Qb8+ Kg7 37. Qe5+ Kg8 38. Qd5+ 1/2-1/2